 Dungeon Crawl Stone Soup version 0.22-a0-162-g33bf1272b0 (webtiles) character file.

37 RedPan the Sneak (level 3, -2/21 HPs)
             Began as an Octopode Wizard on Feb 12, 2018.
             Killed by nerve-wracking pain
             ... invoked by Jessica
              (13 damage)
             ... on level 2 of the Dungeon.
             The game lasted 00:03:47 (1650 turns).

RedPan the Sneak (Octopode Wizard)                  Turns: 1650, Time: 00:03:57

Health: -2/21      AC:  1    Str:  6    XL:     3   Next: 41%
Magic:  3/7        EV: 13    Int: 20    God:
Gold:   34         SH:  0    Dex: 11    Spells: 3/8 levels left

rFire    . . .     SeeInvis .   k - +0 dagger
rCold    . . .     Gourm    .   (no shield)
rNeg     . . .     Faith    .   a - +0 hat
rPois    .         Spirit   .   (no amulet)
rElec    .         Reflect  .   (no ring)
rCorr    .         Harm     .   (no ring)
MR       .....                  (no ring)
Stlth    +++.......             (no ring)
HPRegen  0.07/turn              (no ring)
MPRegen  0.10/turn              (no ring)
                                (no ring)
                                (no ring)

@: no status effects
A: almost no armour, stealthy swim, amphibious, 8 rings, constrict 8, camouflage
1, gelatinous body 1
a: no special abilities


You were on level 2 of the Dungeon.
You were very hungry.

You visited 1 branch of the dungeon, and saw 2 of its levels.

You collected 34 gold pieces.

Inventory:

Hand Weapons
 k - a +0 dagger (weapon)
Missiles
 h - 8 stones (quivered)
Armour
 a - a +0 hat (worn)
Scrolls
 f - a scroll of teleportation {unknown}
 g - a scroll of identify {unknown}
Potions
 d - 2 potions of ambrosia {unknown}
 e - 2 potions of haste {unknown}
 i - a potion of agility {unknown}
Books
 b - a book of Minor Magic

   Spells                             Type                      Level
   a - Magic Dart                     Conjuration                  1
   b - Blink                          Translocation                2
   c - Call Imp                       Summoning                    2
   d - Slow                           Hexes                        2
   e - Conjure Flame                  Conjuration/Fire             3
   f - Mephitic Cloud                 Conjuration/Poison/Air       3
Comestibles
 c - 2 rations


   Skills:
 + Level 2.4 Dodging
 + Level 3.4 Stealth
 - Level 3.0 Spellcasting
 * Level 2.4 Conjurations
 - Level 1.0 Summonings
 - Level 1.0 Translocations


You had 3 spell levels left.
You knew the following spells:

 Your Spells              Type           Power        Failure   Level  Hunger
a - Magic Dart            Conj           ##..         5%          1    None
b - Blink                 Tloc           N/A          14%         2    ##.....
c - Call Imp              Summ           #.......     14%         2    ##.....


Dungeon Overview and Level Annotations

Branches:
Dungeon (2/15)

Altars:

Annotations:
D:2 Jessica


Innate Abilities, Weirdness & Mutations

You cannot wear most types of armour.
You are very stealthy in the water. (Stealth+)
You are amphibious.
You can wear up to eight rings at the same time.
You can use your tentacles to constrict eight enemies at once.
Your skin changes colour to match your surroundings (Stealth+).
Your rubbery body absorbs attacks. (AC +1, EV +1)


Message History

You now have 34 gold pieces (gained 5).
Jessica the Apprentice Sorceress comes into view.
She is wielding a club.
Jessica shouts!
Jessica gestures wildly while chanting.
Jessica seems to speed up.
Jessica gestures at you while chanting. Pain shoots through your body!
You see here a viscous sapphire potion.
e - 2 viscous sapphire potions (gained 1)
Casting: Magic Dart (safe; 5% risk of failure)
Confirm with . or Enter, or press ? or * to list all spells.
A metallic apparition takes form in the air.
Casting: Call Imp (safe; 14% risk of failure)
Confirm with . or Enter, or press ? or * to list all spells.
A beastly little devil appears in a puff of frigid air.
Jessica hits you with a club.
Your iron imp hits Jessica.
Jessica gestures at you while chanting. Pain shoots through your body!
Ouch! That really hurt!
You die...

.<..#........#...........
.........................
..###..)......#.####.....
....#........#..# ##.....
.......<.......## .....
.......[......## ....
.รท###....#.##.# ###@..
......##......#######...
.#...####.......@@5##.#
...#.
##.#.##.5#....#####.##
..###
#...##...#....).)....
...## #........####..#
##.. ##.#(....# #..
...####.## #.. .....# #.#
#. ....... ... ......#
#####


You could see Jessica, a friendly iron imp and a friendly white imp.

Vanquished Creatures
  2 worms (D:2)
  A dart slug (D:2)
  2 leopard geckos (D:2)
  2 goblins
  A hobgoblin (D:1)
  3 jackals (D:1)
  2 ball pythons
  2 bats
  3 frilled lizards
  4 kobolds
  9 rats
31 creatures vanquished.

Notes
Turn   | Place    | Note
-------+----------+-------------------------------------------
     0 | D:1      | RedPan the Octopode Wizard began the quest for the Orb.
     0 | D:1      | Reached XP level 1. HP: 11/11 MP: 4/4
   412 | D:1      | Reached XP level 2. HP: 14/17 MP: 3/6
   717 | D:1      | Learned a level 2 spell: Blink
   720 | D:1      | Learned a level 2 spell: Call Imp
  1313 | D:2      | Reached XP level 3. HP: 21/21 MP: 3/7
  1642 | D:2      | Noticed Jessica
  1650 | D:2      | Killed from afar by Jessica

Vault maps used:
D:1:      giann_horns
D:2:      uniq_sigmund, uniq_jessica

Skill      XL: |  1  2 |
---------------+-------+-----
Stealth        | 3 |  3.4
Conjurations   | 2 |  2.4
Dodging        | |  2.4
Spellcasting   | |  3.0
Summonings     | |  1.0
Translocations | |  1.0

Action                   || total
-------------------------++-------
Melee: Hand axe          ||    16
       Constrict         ||     6
       Unarmed           ||     1
       Dagger            ||     6
       Tentacles         ||     2
 Cast: Magic Dart        ||    52
       Call Imp          ||     2
 Stab: Sleeping          ||     5
  Eat: Chunk             ||     1
Armor: Skin              ||     2
Dodge: Dodged            ||    28

Table legend:
 A = Spawn XP
 B = Non-spawn XP
 C = Spawn XP percentage of total XP
 D = Spawn monster count
 E = Non-spawn monster count
 F = Spawn count percentage of total count
 G = Total turns spent on level
                    A         B        C        D         E        F      G
               +---------+---------+-------+---------+---------+-------+---------
         Total |       0 |      54 |   0.0 |       0 |      31 |   0.0 |  1650
               +---------+---------+-------+---------+---------+-------+---------
           D:1 |       0 |      25 |   0.0 |       0 |      19 |   0.0 |  1460
           D:2 |       0 |      29 |   0.0 |       0 |      12 |   0.0 |   190
               +---------+---------+-------+---------+---------+-------+---------
